AoeStats
← 鲨丁鱼

Arena

506313636Analyzed
3v3 RM · 20d ago on Sep 13, 2026· 24m 2s· 6 players
Game mode
Random Map
Map size
Normal (6 player)
Population
200
Speed
Normal
Resources
Standard
Victory
Conquest
Starting age
Dark Age
Ending age
Imperial Age
RankedLock teamsTeams togetherTeam positionsShared explorationLock speedFull tech treeHidden civsTurbo modeCheats
Victory
Defeat
🇺🇸 Italians · United States
1429
+9
🇺🇸 Khmer · United States
1330
+13
🇺🇸 Bohemians · United States
1327
+13
🇻🇳 Franks · Vietnam
1309
-12
🇻🇳 Britons · Vietnam
1289
-13
🇨🇳 Lithuanians · China
1208
-10
鲨丁鱼
11:29 Feudal Age
15:31 Castle Age
15:19 Double-Bit Axe
15:14 Horse Collar
bina
10:53 Feudal Age
15:36 Castle Age
13:57 Double-Bit Axe
14:22 Horse Collar
15:14 Gold Mining
16:40 Bow Saw
19:43 Loom
20:34 Fletching
21:39 Bodkin Arrow
22:40 Padded Archer Armor
Nguyen_Tea
8:46 Loom
8:57 Loom
11:07 Feudal Age
16:01 Castle Age
14:10 Double-Bit Axe
15:22 Gold Mining
16:43 Wheelbarrow
17:06 Bow Saw
21:40 Husbandry
Boogensville
10:16 Feudal Age
14:03 Castle Age
12:26 Double-Bit Axe
13:03 Horse Collar
16:02 Bow Saw
18:12 Heavy Plow
18:35 Loom
20:37 Fervor
24:16 Wheelbarrow
the fgzb
10:05 Feudal Age
10:36 Feudal Age
13:34 Castle Age
13:11 Double-Bit Axe
13:55 Scale Barding Armor
15:35 Light Cavalry
19:17 Horse Collar
22:41 Chain Barding Armor
23:47 Forging
[LMB] xvedejas
10:34 Feudal Age
14:58 Castle Age
13:04 Double-Bit Axe
13:37 Fletching
13:32 Horse Collar
14:22 Gold Mining
16:17 Fletching
17:27 Bodkin Arrow
20:08 Loom
21:19 Ballistics
Connection lost

Rejoining the realm…

Still unreachable

The connection could not be restored.

Session expired

The server has moved on; the page needs a fresh start.